 Dungeon Crawl Stone Soup version 0.19.0-2-gae57169 (webtiles) character file.

366 Gingerlord the Skirmisher (level 7, 0/54 HPs)
             Began as a Human Monk on Nov 7, 2016.
             Slain by an ogre
             ... wielding a +0 giant spiked club
              (17 damage)
             ... on level 4 of the Dungeon.
             The game lasted 00:07:53 (3568 turns).

Gingerlord the Skirmisher (Human Monk)              Turns: 3568, Time: 00:07:54

Health: 0/54       AC:  6    Str: 13    XL:     7   Next: 1%
Magic:  7/7        EV: 11    Int: 10    God:
Gold:   261        SH:  8    Dex: 16    Spells: 0 memorised, 6 levels left

rFire  . . .     SeeInvis .     a - +0 hand axe
rCold  . . .     Gourm    .     h - +0 leather armour
rNeg   . . .     Faith    .     n - +0 shield
rPois  .         Spirit   .     l - +0 helmet
rElec  .         Reflect  .     f - +0 cloak
rCorr  .         Harm     .     o - +0 pair of gloves
MR     .....                    (no boots)
Stlth  ++........               (no amulet)
                                p - ring of flight
                                b - ring of wizardry

@: no status effects
A: no striking features
a: Evoke Flight


You were on level 4 of the Dungeon.
You were very hungry.

You visited 1 branch of the dungeon, and saw 4 of its levels.
You also visited: Ossuary.

You collected 261 gold pieces.

Inventory:

Hand Weapons
 a - a +0 hand axe (weapon)
Armour
 f - a +0 cloak (worn)
 h - a +0 leather armour (worn)
 l - a +0 helmet (worn)
 n - a +0 shield (worn)
 o - a +0 pair of gloves (worn)
Jewellery
 b - a ring of wizardry (left hand)
 p - a ring of flight (right hand)
Scrolls
 g - 2 scrolls of magic mapping
 i - 2 scrolls of identify
 k - a scroll of fog
 r - 2 scrolls of remove curse
Potions
 d - 3 potions of magic
 j - 2 potions of agility
 q - 3 potions of flight
Comestibles
 c - 2 bread rations
 m - a beef jerky
 s - a meat ration
 t - a slice of pizza


   Skills:
 + Level 4.2 Fighting
 + Level 4.2 Axes
 + Level 3.2 Armour
 + Level 4.2 Dodging
 - Level 2.0 Stealth
 + Level 1.9 Shields


You had 6 spell levels left.
You didn't know any spells.

Dungeon Overview and Level Annotations

Branches:
Dungeon (4/15)
 Temple: D:4-7

Altars:
Dithmenos
Makhleb
Qazlal
Xom

Annotations:
D:4 Grinder


Message History

You hit the ogre but do no damage.
The ogre is lightly wounded.
You block the ogre's attack.
You hit the ogre.
The ogre is moderately wounded.
Your shield and leather armour prevent you from hitting the ogre.
The ogre is moderately wounded.
The ogre hits you with a giant spiked club!
You are feeling very hungry.
You hit the ogre.
The ogre is heavily wounded.
The ogre barely misses you.
You hit the ogre.
The ogre is severely wounded.
The ogre hits you with a giant spiked club!!
* * * LOW HITPOINT WARNING * * *
You barely miss the ogre.
The ogre is severely wounded.
The ogre hits you with a giant spiked club!
You die...

*,,.,,,*#...#########...
*.......+........O......
*#.....##...#########...
#.....#.....# #...
##..$.....O..# #...
#......#.#...# #...
#............# #...
#......###..## #...
**,#.#O@.....# ##..
*,*,#####...# #.. *>*,*
#...# *,* *,*,* #...#
*,, *****,*,* #...# *,,
*,,,,,*,****#...# *,,
*,***,,,,,,,5...# *,,
*,* *,*,****....# *,*
*,* *,*,*,,*,,,,* *,,


You could see an ogre.

Vanquished Creatures
  A crimson imp (D:3)
  A hound (D:4)
  2 human zombies (Ossuary)
  A centaur zombie (Ossuary)
  Ijyb (D:2)
  A worker ant (D:4)
  2 mummies (Ossuary)
  4 adders (D:2)
  2 adder zombies (Ossuary)
  A worm (D:2)
  4 dart slugs
  2 leopard geckos
  An orc (D:4)
  A ball python (D:2)
  6 bats
  5 giant cockroaches
  3 goblins
  5 hobgoblins
  4 jackals (D:3)
  5 kobolds
  2 quokkas (D:2)
  3 frilled lizards
  A goblin zombie (Ossuary)
  7 hobgoblin zombies (Ossuary)
  4 jackal zombies (Ossuary)
  9 kobold zombies (Ossuary)
  9 orc zombies (Ossuary)
  4 rats
  A rat zombie (Ossuary)
92 creatures vanquished.

Notes
Turn   | Place    | Note
-------+----------+-------------------------------------------
     0 | D:1      | Gingerlord the Human Monk began the quest for the Orb.
     0 | D:1      | Reached XP level 1. HP: 18/18 MP: 1/1
   387 | D:1      | Reached XP level 2. HP: 24/24 MP: 2/2
   586 | D:2      | Reached skill level 1 in Armour
   620 | D:2      | Reached XP level 3. HP: 22/29 MP: 3/3
   807 | D:2      | Noticed Ijyb
   843 | D:2      | Killed Ijyb
   843 | D:2      | Reached XP level 4. HP: 17/35 MP: 4/4
  1351 | D:2      | Reached XP level 5. HP: 27/41 MP: 5/5
  1807 | D:3      | Found a shadowy altar of Dithmenos.
  1862 | D:3      | Found a shimmering altar of Xom.
  2197 | D:3      | Found a stormy altar of Qazlal.
  2390 | D:3      | Found a burning altar of Makhleb.
  2619 | D:4      | Found a sand-covered staircase.
  2646 | Ossuary  | Entered an ossuary
  2790 | Ossuary  | Reached skill level 1 in Shields
  2790 | Ossuary  | Reached XP level 6. HP: 34/48 MP: 6/6
  3443 | D:4      | Noticed an ogre
  3494 | D:4      | Noticed Grinder
  3516 | D:3      | Reached XP level 7. HP: 49/54 MP: 7/7
  3568 | D:4      | Slain by an ogre

Skill      XL: |  1  2  3  4  5  6 |
---------------+-------------------+-----
Armour         | 1 2 3 |  3.2
Dodging        | 4 |  4.2
Shields        | 1 |  1.9
Axes           | 4 |  4.2
Fighting       | 4 |  4.2
Stealth        | |  2.0

Action                   |  1- 3 |  4- 6 |  7- 9 || total
-------------------------+-------+-------+-------++-------
Melee: Hand axe          |    75 |   378 |    13 ||   466
  Use: Potion            |       |     2 |       ||     2
       Scroll            |       |     8 |       ||     8
 Stab: Sleeping          |     2 |     1 |       ||     3
  Eat: Chunk             |       |     4 |       ||     4
       Bread ration      |       |     1 |       ||     1
Armor: Robe              |     5 |       |       ||     5
       Leather armour    |    29 |   110 |     1 ||   140
       Skin              |       |    85 |       ||    85
Dodge: Dodged            |    71 |   187 |     7 ||   265
Block: Shield            |       |   144 |     3 ||   147
